 Dungeon Crawl Stone Soup version 0.24.0-123-gd5b16e6ec5 (webtiles) character file.

Game seed: 16122838641641182111, levelgen mode: deterministic

12590 1994 the Grappler (level 11, 2/172 HPs)
             Began as an Ogre Transmuter on Jan 29, 2020.
             Was an Initiate of Ru.
             Quit the game on level 11 of the Dungeon.
             The game lasted 00:44:23 (12674 turns).

1994 the Grappler (Ogre Transmuter)                Turns: 12674, Time: 00:44:24

Health: 2/172      AC:  9    Str: 18    XL:     11   Next: 95%
Magic:  22/23      EV: 13    Int: 17    God:    Ru [......]
Gold:   335        SH:  0    Dex:  9    Spells: 5/26 levels left

rFire    . . .     SeeInvis .     - Unarmed
rCold    . . .     Gourm    .   (no shield)
rNeg     . . .     Faith    .   L - +0 troll leather armour
rPois    +         Spirit   .   y - +1 hat
rElec    +         Reflect  .   z - +0 cloak
rCorr    .         Harm     .   (gloves unavailable)
MR       ++...                  (boots unavailable)
Stlth    ..........             t - amulet of rage
HPRegen  0.78/turn              v - ring "Vuirihepane" {rElec rPois MR+ AC+2 Str-3}
MPRegen  0.18/turn              n - +4 ring of evasion

@: berserking (expiring), barbed spikes, very quick
A: large, unfitting armour, tough skin 1
a: Renounce Religion, Evoke Berserk Rage


You were on level 11 of the Dungeon.
You worshipped Ru.
Ru was noncommittal.
You were near starving.

You visited 2 branches of the dungeon, and saw 12 of its levels.
You also visited: Bailey.

You collected 686 gold pieces.
You spent 351 gold pieces at shops.

Inventory:

Hand Weapons
 b - a +1 hunting sling
 G - a +2 dagger of venom
Missiles
 a - 270 arrows
 h - 429 stones
 o - 40 poisoned darts (quivered)
 q - 85 sling bullets
 u - 12 boomerangs
 K - a throwing net
Armour
 y - a +1 hat (worn)
 z - a +0 cloak (worn)
 J - a +2 robe of magic resistance
 L - a +0 troll leather armour (worn)
Jewellery
 m - an uncursed ring of protection from fire
 n - a +4 ring of evasion (right hand)
 s - an uncursed ring of positive energy
 t - an amulet of rage (around neck)
 v - the ring "Vuirihepane" (left hand) {rElec rPois MR+ AC+2 Str-3}
   (You bought it in a shop on level 6 of the Dungeon)

   [ring of protection]

   It affects your AC (+2).
   It affects your strength (-3).
   It insulates you from electricity.
   It protects you from poison.
   It affects your resistance to hostile enchantments.
Wands
 i - a wand of iceblast (11)
 B - a wand of enslavement (11)
 I - a wand of flame (32)
 M - a wand of random effects (20)
Scrolls
 c - 3 scrolls of amnesia
 f - 4 scrolls of magic mapping
 g - 2 scrolls of remove curse {unknown}
 j - 3 scrolls of teleportation
 w - a scroll of fear
 x - a scroll of enchant armour {unknown}
 A - 4 scrolls of fog
 F - 6 scrolls of identify
 H - a scroll of blinking {unknown}
Potions
 e - a potion of berserk rage
 k - 2 potions of mutation
 l - 2 potions of flight
 p - 7 potions of curing
 r - a potion of ambrosia
 C - a potion of might
 D - 2 potions of lignification
 E - a potion of invisibility
 O - 2 potions of degeneration {unknown}
Comestibles
 d - 24 rations


   Skills:
 + Level 9.4 Fighting
 - Level 1.7 Dodging
 * Level 9.7 Unarmed Combat
 + Level 8.0 Spellcasting
 * Level 9.5 Transmutations
 - Level 6.0 Ice Magic
 - Level 2.0 Poison Magic


You had 5 spell levels left.
You knew the following spells:

 Your Spells              Type           Power        Failure   Level  Hunger
a - Beastly Appendage     Tmut           #####.       1%          1    None
b - Sticks to Snakes      Tmut           #####...     1%          2    None
c - Spider Form           Tmut/Pois      ####......   3%          3    #......
d - Ice Form              Ice/Tmut       ####....     4%          4    ###....
e - Blade Hands           Tmut           #####.....   7%          5    #####..
f - Hydra Form            Tmut           #####.....   36%         6    ######.

Your spell library contained the following spells:

 Spells                   Type           Power        Failure   Level  Hunger
 Ignite Poison            Fire/Tmut/Pois ###.....     8%          3    #......
 Poisonous Vapours        Pois/Air       ##....       12%         2    None
 Throw Flame              Conj/Fire      #.....       19%         2    None
 Irradiate                Conj/Tmut      ###.......   43%         5    #####..
 Airstrike                Air            #.........   77%         4    ###....
 Summon Lightning Spire   Summ/Air       #.......     77%         4    ###....
 Venom Bolt               Conj/Pois      ##........   92%         5    #####..
 Bolt of Magma            Conj/Fire/Erth #.........   98%         5    #####..
 Fireball                 Conj/Fire      #.........   98%         5    #####..
 Iskenderun's Battlesphe  Conj/Chrm      #.......     98%         5    #####..
 Dragon Form              Tmut           #####.....   91%         7    #######
 Statue Form              Tmut/Erth      ###......    95%         6    ######.
 Iron Shot                Conj/Erth      #.........   100%        6    ######.
 Orb of Destruction       Conj           #.........   100%        7    #######
 Spellforged Servitor     Conj/Summ      #.........   100%        7    #######


Dungeon Overview and Level Annotations

Branches:
Dungeon (11/15)            Temple (1/1) D:6            Lair (0/6) D:8
    Orc (0/2) D:10         Bailey (visited)

Altars:
Ashenzari
Cheibriados
Dithmenos
Elyvilon
Fedhas
Gozag
Hepliaklqana
Kikubaaqudgha
Makhleb
Nemelex Xobeh
Okawaru
Qazlal
Ru
Sif Muna
Trog
Uskayaw
Vehumet
Wu Jian
Xom
Yredelemnul
Zin
The Shining One

Shops:
D:5 ?   D:6 =

Annotations:
D:4 exclusion: upstairs


Innate Abilities, Weirdness & Mutations

You are too large for most types of armour.
You have tough skin. (AC +1)


Message History

* * * LOW HITPOINT WARNING * * *
All of the chunks of flesh in your inventory have rotted away.
Unknown command.
You barely miss the crocodile. The crocodile barely misses you.
Unknown command.
Unknown command.
You punch the crocodile!
The crocodile is heavily wounded.
The centaur warrior shoots an arrow.
The arrow hits you!!
* * * LOW HITPOINT WARNING * * *
The crocodile bites you!
* * * LOW HITPOINT WARNING * * *
Unknown command.
Unknown command.
You are too berserk!
Unknown command.
The barbs in your skin will harm you if you move.
Continue?
Okay, then.
Unknown command.
Are you sure you want to abandon this character and quit the game? (Confirm with "yes".)

...................#.....
...................#...##
...................#...#
...(.....###########
.........# .........#
.........# ........e#
###....t@#
........uc.....
.8....####Z####. ###...


.HC ##.. rr. #. ...# .... ..#. You could see a brown ugly thing, a centaur
warrior, a manticore, a cyclops, a deep elf mage, a crocodile, 2 hell rats and a
hound zombie.

Vanquished Creatures
  A centaur warrior (D:9)
  3 two-headed ogres
  Pikel (D:8)
  A deep elf archer (Bailey)
  An orc knight (D:11)
  A manticore (D:11)
  6 deep elf magi (Bailey)
  A troll (D:8)
  2 hippogriffs
  2 wyverns
  A steam dragon (D:8)
  Grum (D:8)
  A water moccasin (D:9)
  3 ice beasts
  2 sky beasts
  3 orc warriors
  3 slaves (D:8)
  2 ogres
  3 centaurs (D:9)
  6 wolves (D:8)
  A big kobold (D:11)
  3 bullfrogs
  A scorpion (D:6)
  4 killer bees (D:7)
  3 howler monkeys
  4 wights (D:9)
  An electric eel (D:8)
  4 crimson imps
  4 bullfrog skeletons
  7 orc priests
  Crazy Yiuf (D:2)
  8 hounds
  4 jellies
  10 orc wizards
  Jessica (D:3)
  3 iguanas
  8 worker ants
  A hound zombie (D:7)
  A hound skeleton (D:7)
  10 gnolls
  11 adders
  2 shadow imps
  2 oozes
  An adder zombie (D:9)
  2 adder skeletons
  3 worms
  6 dart slugs
  9 leopard geckos
  42 orcs
  6 bats
  4 giant cockroaches
  24 goblins
  14 hobgoblins
  11 jackals
  7 quokkas
  A ball python (D:6)
  6 frilled lizards
  11 kobolds
  8 rats
293 creatures vanquished.

Vanquished Creatures (collateral kills)
  2 deep elf magi (Bailey)
2 creatures vanquished.

Vanquished Creatures (others)
  Psyche (D:8)
  A slave (D:8)
  A phantom (D:8)
  An ogre (D:8)
  A frilled lizard (D:4)
  4 toadstools (D:1)
9 creatures vanquished.

Grand Total: 304 creatures vanquished

Notes
Turn   | Place    | Note
-------+----------+-------------------------------------------
     0 | D:1      | 1994 the Ogre Transmuter began the quest for the Orb.
     0 | D:1      | Reached XP level 1. HP: 19/19 MP: 3/3
   104 | D:1      | Reached XP level 2. HP: 14/27 MP: 2/5
   815 | D:1      | Reached XP level 3. HP: 24/35 MP: 7/7
  1382 | D:1      | Learned a level 2 spell: Sticks to Snakes
  1386 | D:1      | Learned a level 3 spell: Spider Form
  1517 | D:2      | Found a snail-covered altar of Cheibriados.
  1717 | D:2      | Reached XP level 4. HP: 32/42 MP: 6/8
  2148 | D:2      | Found a runed translucent door.
  2149 | D:2      | Noticed Crazy Yiuf
  2213 | D:2      | Reached XP level 5. HP: 38/50 MP: 7/9
  2366 | D:2      | Learned a level 4 spell: Ice Form
  2465 | D:2      | Killed Crazy Yiuf
  2962 | D:3      | Reached skill level 1 in Poison Magic
  3023 | D:3      | Noticed Jessica
  3030 | D:3      | Killed Jessica
  3122 | D:3      | Found a shattered altar of Ashenzari.
  3547 | D:3      | Reached XP level 6. HP: 61/61 MP: 0/10
  3747 | D:3      | Found a basalt altar of Yredelemnul.
  3748 | D:3      | Found a shimmering altar of Xom.
  4015 | D:3      | Found an ornate altar of the Wu Jian Council.
  4205 | D:4      | Found Difulaoz's Assorted Antiques.
  4243 | D:4      | Reached skill level 1 in Ice Magic
  4575 | D:4      | Found a radiant altar of Vehumet.
  5074 | D:5      | Entered Level 5 of the Dungeon
  5074 | D:5      | Noticed an ice beast
  5136 | D:5      | Killed an ice beast
  5136 | D:5      | Reached XP level 7. HP: 56/68 MP: 5/12
  5859 | D:5      | Found Gomufoj's Magic Scroll Shop.
  5861 | D:5      | Reached XP level 8. HP: 78/78 MP: 9/14
  5875 | D:5      | Bought a scroll of magic mapping for 38 gold pieces
  5875 | D:5      | Bought a scroll of magic mapping for 38 gold pieces
  6029 | D:6      | Noticed a two-headed ogre
  6172 | D:5      | Reached skill level 5 in Unarmed Combat
  6579 | D:6      | Killed a two-headed ogre
  6579 | D:6      | Reached skill level 5 in Fighting
  6579 | D:6      | Reached skill level 5 in Transmutations
  6593 | D:6      | Reached XP level 9. HP: 88/88 MP: 13/16
  6827 | D:6      | Learned a level 5 spell: Blade Hands
  6873 | D:6      | Reached skill level 5 in Spellcasting
  7129 | D:6      | Found Kipheujeta's Jewellery Boutique.
  7251 | D:6      | Found a staircase to the Ecumenical Temple.
  7259 | Temple   | Entered the Ecumenical Temple
  7315 | Temple   | Became a worshipper of Ru the Awakened
  8003 | D:7      | Found a flagged portal.
  8127 | Bailey   | Entered a bailey
  8135 | Bailey   | Noticed a deep elf mage
  8142 | Bailey   | Killed a deep elf mage
  8154 | Bailey   | Noticed a deep elf mage
  8155 | Bailey   | Noticed a deep elf mage
  8155 | Bailey   | Noticed a deep elf mage
  8167 | Bailey   | Killed a deep elf mage
  8167 | Bailey   | Reached skill level 5 in Ice Magic
  8184 | Bailey   | Killed a deep elf mage
  8184 | Bailey   | Reached XP level 10. HP: 12/100 MP: 15/18
  8185 | Bailey   | HP: 2/120 [burnt (7)]
  8216 | Bailey   | Killed a deep elf mage
  8548 | Bailey   | Noticed a deep elf mage
  8566 | Bailey   | Killed a deep elf mage
  8617 | Bailey   | Noticed a deep elf mage
  8619 | Bailey   | Noticed a deep elf mage
  8635 | Bailey   | Killed a deep elf mage
  8640 | Bailey   | Killed a deep elf mage
  8688 | Bailey   | Noticed a deep elf mage
  8696 | Bailey   | Killed a deep elf mage
  8803 | Bailey   | Noticed a deep elf archer
  8810 | Bailey   | Killed a deep elf archer
  8881 | Bailey   | Identified Ludejaro's Volume of Burning Air
  8941 | D:6      | Bought the ring "Vuirihepane" {rElec rPois MR+ AC+2 Str-3}
                  | for 275 gold pieces
  8972 | D:7      | Found a glowing silver altar of Zin.
  9477 | D:8      | Found a stormy altar of Qazlal.
  9491 | D:8      | Noticed a two-headed ogre
  9501 | D:8      | Killed a two-headed ogre
  9550 | D:8      | Noticed a two-headed ogre
  9615 | D:7      | Reached XP level 11. HP: 50/111 MP: 21/21
  9856 | D:8      | Killed a two-headed ogre
  9962 | D:8      | Found an ancient bone altar of Kikubaaqudgha.
 10037 | D:8      | Noticed Pikel
 10042 | D:8      | Noticed Psyche
 10052 | D:8      | Killed Psyche
 10071 | D:8      | Killed Pikel
 10323 | D:8      | Found a staircase to the Lair.
 10849 | D:8      | Noticed Grum
 10859 | D:8      | Killed Grum
 10980 | D:9      | Noticed a centaur warrior
 10986 | D:9      | Killed a centaur warrior
 11386 | D:9      | Learned a level 6 spell: Hydra Form
 11764 | D:10     | Entered Level 10 of the Dungeon
 11938 | D:10     | Found a staircase to the Orcish Mines.
 12645 | D:11     | Noticed a manticore
 12648 | D:11     | Noticed an orc knight
 12649 | D:11     | Noticed a deep elf mage
 12649 | D:11     | Noticed a manticore
 12649 | D:11     | Noticed a centaur warrior
 12652 | D:11     | Noticed a brown ugly thing
 12659 | D:11     | Killed a manticore
 12663 | D:11     | Noticed a cyclops
 12667 | D:11     | Killed an orc knight
 12673 | D:11     | HP: 2/172 [crocodile (14)]
 12674 | D:11     | Quit the game

Levels and vault maps discovered:
D:1:      ldierk_walled_garden_2, layout_loops_ring
D:2:      layout_rooms, kennysheep_slug_shrine, minivault_14,
          uniq_crazy_yiuf_cottage
D:3:      layout_loops_ring, lemuel_crystal_altar,
          nicolae_overflow_hidden_temple, first_ration, nrook_mini_vaults,
          evilmike_ruin_ashenzari, uniq_jessica
D:4:      layout_rooms, fiery_altar_vehumet, serial_shops,
          nicolae_shop_statue_plus
D:5:      layout_rooms, serial_shops, kennysheep_little_box
D:6:      corexii_shantytown, layout_basic, minmay_temple_entry_stoned_glass,
          serial_shops, shop
D:7:      layout_loops_ring, lemuel_round_altar, enter_bailey_3
D:8:      layout_basic, lemuel_crystal_altar, overflow_temple_1_default,
          erik_lair_island, uniq_pikel, uniq_grum, uniq_psyche
D:9:      layout_long_grid
D:10:     layout_irregular_city, erik_orc_4
D:11:     layout_stronghold, basic_altar, serial_shops,
          nicolae_shop_behind_doors, blue_anna_alchemist
          [blue_anna_fruit_fields, blue_anna_fruit_fields],
          chequers_decorated_corner, minivault_28
Temple:   jpeg_temple_clearing

Skill      XL: |  1  2  3  4  5  6  7  8  9 10 11 |
---------------+----------------------------------+-----
Transmutations | 2 3 4 5 6 8 9 |  9.5
Unarmed Combat | 3 4 5 7 8 9 |  9.7
Fighting       | 2 3 4 5 6 7 9 |  9.4
Spellcasting   | 3 4 5 6 8 |  8.0
Poison Magic   | 1 2 |  2.0
Ice Magic      | 1 2 4 5 6 |  6.0
Dodging        | |  1.7

Action                   |  1- 3 |  4- 6 |  7- 9 | 10-12 || total
-------------------------+-------+-------+-------+-------++-------
Melee: Unarmed           |   139 |   297 |   323 |   372 ||  1131
       Headbutt          |     2 |    11 |     1 |     2 ||    16
       Punch             |     3 |     2 |     5 |     2 ||    12
       Kick              |     3 |     8 |     6 |     1 ||    18
 Fire: Hunting sling     |     6 |       |       |       ||     6
Throw: Dart              |       |     7 |       |       ||     7
 Cast: Beastly Appendage |     9 |    12 |     7 |     3 ||    31
       Spider Form       |     1 |     7 |     2 |     1 ||    11
       Sticks to Snakes  |     1 |       |     2 |     4 ||     7
       Ice Form          |       |     1 |    11 |    21 ||    33
Invok: Reject Sacrifices |       |       |       |     1 ||     1
 Abil: Evoke Berserk Rag |       |       |     1 |     2 ||     3
Evoke: Wand              |       |       |       |     3 ||     3
  Use: Scroll            |       |     6 |     6 |     4 ||    16
       Potion            |       |       |     2 |     1 ||     3
 Stab: Distracted        |       |       |     1 |       ||     1
       Sleeping          |       |       |       |     1 ||     1
  Eat: Chunk             |     3 |    12 |    11 |    14 ||    40
       Ration            |       |       |     1 |     1 ||     2
Armor: Robe              |    44 |    60 |    35 |    22 ||   161
       Skin              |       |    29 |    50 |    34 ||   113
       Troll leather arm |       |       |       |    24 ||    24
Dodge: Dodged            |    80 |   209 |   273 |   240 ||   802
